cohdb
Replays
Latest Replays
All Replays
Popular Replays
Top Player Replays
Match Explorer
How It Works
Community
CoH3 Stats
Reddit
Sign in to upload your games and track your stats! →
Sign in with Steam
Match 42319443
Unlisted
Match 42319443
Overview
Messages
Build Orders
End
Royal Engineer Section
Construct Section Command Post
Dingo Light Scout Car
Vickers Machine Gun Team
Infantry Section
Construct Platoon Command Post
Humber Armored Car
6-pounder Anti-tank Gun Team
Selects Canadian Shock Battlegroup
Selects Offensive Resupply
Selects Incendiary Munitions
Infantry Section
Infantry Training
Infantry Training
Grenade Package
Construct Company Command Post
Selects Pyrotechnics
Foot Guards Section
Crusader II Medium Tank
6-pounder Anti-tank Gun Team
Crusader II Medium Tank
Selects Churchill Crocodile Heavy Tank
Zo͞olo͞oKōbrə
Dumais
HulkSMASH
⚓️Ruby⚓
0
0
Comments
sign in to comment!
No comments posted yet!